Map: Alba EE

Players

IA (Muy fácil)

  • Race: Zerg Zerg
  • Spawn Location: 7:00

Antigravedad

  • Race: Zerg Zerg
  • Spawn Location: 1:00

VOD

Have the link to the VOD?

Description

Time

  • Played on: June 10, 2023, 11:21 p.m.
  • Length: 2:34
Show
View Real Time Build Order
Export as new Build Order

IA (Muy fácil) Zerg 

Build Orders:  

Get SALT Encoding   

  1  0:00  Drone x6, Overlord  
    0:08  Unknown  
    0:09  Drone  
  7  0:24  Drone  
  8  0:37  Drone  
  9  0:45  Drone  
  10  1:01  Overlord  
  10  1:19  Drone  
  10  1:20  Drone  
  12  2:00  Hatchery  
  11  2:01  Drone  
  12  2:09  Drone  
  13  2:16  Drone  
Show
View Real Time Build Order
Export as new Build Order

Antigravedad Zerg 

Build Orders:  

Get SALT Encoding   

  1  0:00  Drone x6, Overlord  
    0:08  Unknown  
  6  0:22  Drone  
  6  0:25  Drone  
Tags
 
Matchup
ZvZ
Race
Zerg
Spawn Locations
Cross Positions
Add a new tag
Caveats
  • Supply blocks, unpowered buildings, or Contaminate may cause inaccurate times.
  • Supply counts are checked every 10 seconds.